 Dungeon Crawl Stone Soup version 0.32-a0-30-gefbe487952 (webtiles) character file.

Game seed: 1138309441110863237

60 oldriver the Firebug (level 3, -3/27 HPs)
             Began as a Demonspawn Fire Elementalist on Jan 20, 2024.
             Slain by Terence
             ... wielding a +5 antimagic flail
              (11 damage)
             ... on level 2 of the Dungeon.
             The game lasted 00:03:59 (1520 turns).

oldriver the Firebug (Demonspawn Fire Elementalist) Turns: 1520, Time: 00:03:59

Health: -3/27      AC:  3    Str:  8    XL:     3   Next: 80%
Magic:  1/7        EV: 12    Int: 17    God:
Gold:   51         SH:  0    Dex: 13    Spells: 4/7 levels left

rFire   . . .        d - +0 dagger
rCold   . . .        (no shield)
rNeg    . . .        a - +0 robe
rPois   .            (no helmet)
rElec   .            (no cloak)
rCorr   .            (no gloves)
SInv    .            f - +0 pair of boots
Will    .....        (no amulet)
Stlth   ++           (no ring)
HPRegen 0.24/turn    (no ring)
MPRegen 0.20/turn

%: no passive effects
@: no status effects
A: magic regeneration
a: no special abilities


You were on level 2 of the Dungeon.
You visited 1 branch of the dungeon, and saw 2 of its levels.

You collected 51 gold pieces.

Inventory:

Hand Weapons
 d - a +0 dagger (weapon)
Armour
 a - a +0 robe (worn)
 f - a +0 pair of boots (worn)
Jewellery
 g - a ring of ice
Scrolls
 e - a scroll of identify
 h - a scroll of fear
Potions
 b - a potion of magic
 c - a potion of curing {unknown}


   Skills:
 + Level 1.9 Fighting
 - Level 1.7 Dodging
 - Level 1.7 Stealth
 + Level 2.7 Spellcasting
 - Level 1.0 Conjurations
 + Level 3.3 Fire Magic


You had 4 spell levels left.
You knew the following spells:

 Your Spells              Type           Power      Damage    Failure   Level
a - Foxfire               Conj/Fire      36%        2x1d5     8%          1
b - Scorch                Fire           26%        2d6       7%          2

Your spell library contained the following spells:

 Spells                   Type           Power      Damage    Failure   Level
 Ensorcelled Hibernation  Hex/Ice        4%         N/A       26%         2
 Inner Flame              Hex/Fire       7%         N/A       26%         3
 Volatile Blastmotes      Fire/Tloc      14%        2d11      26%         3
 Passwall                 Erth           2%         N/A       47%         3
 Swiftness                Air            2%         N/A       47%         3
 Flame Wave               Conj/Fire      9%         2d6       58%         4
 Irradiate                Conj/Alch      2%         3d12      99%         5
 Summon Cactus Giant      Summ           1%         N/A       100%        6
 Ignition                 Fire           6%         3d4       100%        8


Dungeon Overview and Level Annotations

Branches:
Dungeon (2/15)

Altars:
Hepliaklqana

Annotations:
D:2 Terence


Innate Abilities, Weirdness & Mutations

You regenerate magic rapidly.


Message History

You closely miss Terence.
Terence is moderately wounded.
Terence bares his teeth.
Terence hits you but does no damage.
You closely miss Terence.
Terence is moderately wounded.
Terence is no longer more vulnerable to fire.
Terence completely misses you.
You hit Terence.
Terence is moderately wounded.
Terence says, "Don't bother to defend, it's useless."
Terence barely misses you.
You hit Terence but do no damage.
Terence is moderately wounded.
Terence hits you but does no damage.
You hit Terence but do no damage.
Terence is moderately wounded.
Terence barely misses you.
You hit Terence but do no damage.
Terence is moderately wounded.
Terence says, "Time to say good-bye..."
Terence hits you with a +5 antimagic flail.
You feel your power leaking away.
You closely miss Terence.
Terence is moderately wounded.
Terence screams, "I'm going to kill you!"
Terence hits you but does no damage.
You hit Terence but do no damage.
Terence is moderately wounded.
You feel less wooden.
Your +0 pair of boots unmelds from your body.
Your +0 robe unmelds from your body.
Terence hits you with a +5 antimagic flail!
* * * LOW HITPOINT WARNING * * *
As you read the scroll labelled XUCHYKEEDIU, it crumbles to dust.
It is a scroll of identify.
h - a scroll of fear Terence hits you with a +5 antimagic flail!
You die...
Terence says, "Rest in peace."

#.<...... ######### #..>
#.## #.# #.# #.#
######################.#
.......@@..............#
########################


You could see Terence.

Vanquished Creatures
  A gnoll (D:1)
  An adder (D:2)
  2 dart slugs
  2 ball pythons (D:1)
  5 bats (D:1)
  4 endoplasms
  A giant cockroach (D:1)
  2 goblins (D:1)
  8 hobgoblins
  A quokka (D:1)
  2 frilled lizards (D:2)
  4 kobolds
  2 rats (D:1)
35 creatures vanquished.

Vanquished Creatures (others)
  160 foxfires
160 creatures vanquished.

Grand Total: 195 creatures vanquished

Notes
Turn   | Place    | Note
-------+----------+-------------------------------------------
     0 | D:1      | oldriver the Demonspawn Fire Elementalist began the quest
                  | for the Orb.
     0 | D:1      | Reached XP level 1. HP: 13/13 MP: 3/3
   207 | D:1      | Gained mutation: You regenerate magic rapidly. [demonic
                  | ancestry]
   207 | D:1      | Reached XP level 2. HP: 20/20 MP: 0/5
   418 | D:1      | Reached skill level 1 in Fighting
   420 | D:1      | Reached skill level 3 in Fire Magic
   491 | D:1      | Reached XP level 3. HP: 26/26 MP: 3/6
  1296 | D:2      | Learned a level 2 spell: Scorch
  1407 | D:2      | Found a hazy altar of Hepliaklqana.
  1500 | D:2      | Noticed Terence
  1520 | D:2      | Slain by Terence

Illustrated notes

Levels and vault maps discovered:
D:1:      minmay_arrival_four_houses, layout_loops_ring
D:2:      layout_basic, basic_altar, minmay_misc_feat_four_crosses,
          uniq_terence, uniq_robin

Skill      XL: |  1  2 |
---------------+-------+-----
Fighting       | 1 |  1.9
Fire Magic     | 3 |  3.3
Dodging        | |  1.7
Stealth        | |  1.7
Spellcasting   | |  2.7
Conjurations   | |  1.0

Action                     || total
---------------------------++-------
  Melee: Dagger            ||    27
         Unarmed           ||     2
         Punch             ||     1
   Cast: Foxfire           ||   103
         Scorch            ||     3
    Use: Scroll            ||     1
 Armour: Robe              ||    25
         Skin              ||     8
  Dodge: Dodged            ||    35

Table legend: (Time is in decaauts)
 A = Elapsed time spent in this place.
 B = Non-inter-level travel time spent in this place.
 C = Inter-level travel time spent in this place.
 D = Time resting spent in this place.
 E = Time spent auto-exploring this place.
 F = Levels seen in this place.
 G = Mean time per level.
                   A        B        C        D        E       F      G
               +--------+--------+--------+--------+--------+-----+--------+
         Total |   1519 |   1482 |     37 |      9 |   1154 |   2 |  759.5 |
       Dungeon |   1519 |   1482 |     37 |      9 |   1154 |   2 |  759.5 |
               +--------+--------+--------+--------+--------+-----+--------+

Top non-repeatable levels by time:
     D:1: 1133 daAuts
     D:2: 385 daAuts
